 Seeded DCSS version 0.30.0-17-ge0270778cf (webtiles) character file.

Game seed: 12735965570273765983 (custom seed)

1064 Pimp the Conjurer (level 8, -6/45 HPs)
             Began as a Deep Elf Conjurer on May 21, 2023.
             Was a Follower of Vehumet.
             Mangled by Edmund
             ... wielding a +5 dire flail of protection
              (9 damage)
             ... on level 6 of the Dungeon on May 22, 2023.
             The game lasted 00:11:15 (4477 turns).

Pimp the Conjurer (Deep Elf Conjurer)               Turns: 4477, Time: 00:11:16

Health: -6/45      AC: 14    Str:  4    XL:     8   Next: 6%
Magic:  11/18      EV: 14    Int: 24    God:    Vehumet [*.....]
Gold:   177        SH:  0    Dex: 15    Spells: 8/18 levels left

rFire   . . .        f - +8 quick blade (protect)
rCold   . . .        (no shield)
rNeg    . . .        a - +0 robe
rPois   .            (no helmet)
rElec   .            (no cloak)
rCorr   .            j - +1 pair of gloves
SInv    .            d - +2 pair of boots of Kikubaaqudgha's Scorn {Harm}
Will    .....        (no amulet)
Stlth   ++           (no ring)
HPRegen 0.27/turn    (no ring)
MPRegen 0.16/turn

%: harm (+30% outgoing, +20% incoming)
@: under a protective aura, hasted, very quick
A: no striking features
a: Renounce Religion


You were on level 6 of the Dungeon.
You worshipped Vehumet.
Vehumet was aware of your devotion.
You visited 1 branch of the dungeon, and saw 5 of its levels.

You collected 177 gold pieces.

Inventory:

Hand Weapons
 f - a +8 quick blade of protection (weapon)
Armour
 a - a +0 robe (worn)
 d - the +2 pair of boots of Kikubaaqudgha's Scorn (worn) {Harm}
   (You acquired it on level 1 of the Dungeon)

   Harm:      It increases damage dealt and taken.
 j - a +1 pair of gloves (worn)
Magical Staves
 m - a staff of conjuration
Wands
 n - a wand of iceblast (8)
Scrolls
 e - a scroll of teleportation
 h - a scroll of blinking
 q - a scroll of fear {unknown}
 t - a scroll of poison {unknown}
 v - a scroll of enchant armour {unknown}
 w - a scroll of immolation {unknown}
Potions
 b - 2 potions of magic
 g - a potion of haste
 o - a potion of berserk rage {unknown}
 r - a potion of curing
 s - 2 potions of lignification
 u - a potion of brilliance {unknown}


   Skills:
 + Level 2.7 Fighting
 + Level 3.3 Short Blades
 + Level 2.6 Armour
 + Level 5.3 Dodging
 - Level 3.1 Stealth
 + Level 5.8 Spellcasting
 + Level 6.2 Conjurations


You had 8 spell levels left.
You knew the following spells:

 Your Spells              Type           Power      Damage    Failure   Level
a - Magic Dart            Conj           100%       1d8       1%          1
b - Searing Ray           Conj           72%        2d7       1%          2
c - Dazzling Flash        Conj/Hex       42%        N/A       7%          3
d - Fulminant Prism       Conj/Hex       10%        3d9       22%         4

Your spell library contained the following spells:

 Spells                   Type           Power      Damage    Failure   Level
 Foxfire                  Conj/Fire      84%        2x1d8     2%          1
 Lesser Beckoning         Tloc           12%        N/A       12%         2
 Iskenderun's Mystic Bla  Conj/Tloc      21%        2d6       22%         4
 Gell's Gravitas          Tloc           6%         N/A       24%         3
 Teleport Other           Tloc           6%         N/A       24%         3


Dungeon Overview and Level Annotations

Branches:
Dungeon (6/15)             Temple (0/1) D:5

Altars:
Dithmenos
Fedhas
Hepliaklqana
Qazlal
Uskayaw
Vehumet
Wu Jian
Yredelemnul

Annotations:
D:5 2 transporters, DemonSlayer's ghost, amateur DsEE
D:6 Edmund


Message History

You hit Edmund.
Edmund is severely wounded.
You closely miss Edmund.
Edmund is severely wounded.
Edmund hits you with a +5 dire flail of protection!
* * * LOW HITPOINT WARNING * * *
You hit Edmund.
Edmund is severely wounded.
You hit Edmund but do no damage.
Edmund is severely wounded.
It was a potion of curing.
You feel better.
Edmund hits you with a +5 dire flail of protection.
You hit Edmund.
Edmund is almost dead.
You closely miss Edmund.
Edmund is almost dead.
Edmund hits you with a +5 dire flail of protection.
You hit Edmund but do no damage.
Edmund is almost dead.
You hit Edmund but do no damage.
Edmund is almost dead.
Edmund hits you with a +5 dire flail of protection.
* * * LOW HITPOINT WARNING * * *
You hit Edmund.
Edmund is almost dead.
Casting: Searing Ray (safe; 1% risk of failure)
Confirm with . or Enter, or press ? or * to list all spells.
Aiming: Searing Ray (safe; 1% risk of failure)
Press: ? - help, Shift-Dir - straight line, f/p - Edmund
Aim: Edmund, wielding a +5 dire flail of protection and wearing a +2 scale mail of fire resistance (almost dead, 83% to hit)
The searing ray hits Edmund but does no damage.
Edmund is almost dead. (Press . to maintain the ray.) Edmund hits you with a +5 dire flail of protection.
* * * LOW HITPOINT WARNING * * *
The searing ray hits Edmund but does no damage.
Edmund is almost dead.
The searing ray misses Edmund.
Edmund hits you with a +5 dire flail of protection!
You die...

#. ## #.## ##.#
..#
###!..##.#######
...........!....
###...#..#######
##. #.## # #@# #@#
#+# #.# #.# #.#
#.# #.# ##.######
#.# ##...#...# #.#
#......#.# #.#
##...#.#[#######.#
###.##...........#


You could see Edmund.

Vanquished Creatures
  Eustachio (D:6)
  A phantom (D:5)
  A bullfrog (D:6)
  4 scorpions (D:6)
  An orc priest (D:6)
  4 hounds
  A gnoll bouda (D:4)
  A sleepcap (D:5)
  Terence (D:2)
  An iguana (D:6)
  3 orc wizards (D:6)
  6 adders
  8 gnolls
  A white imp (D:6)
  2 worms
  9 orcs
  6 ball pythons
  6 bats
  4 endoplasms
  A giant cockroach (D:4)
  3 goblins
  5 hobgoblins
  7 jackals
  5 kobolds
  6 quokkas
  3 frilled lizards
  4 rats
95 creatures vanquished.

Vanquished Creatures (others)
  A fulminant prism (D:5)
1 creature vanquished.

Grand Total: 96 creatures vanquished

Notes
Turn   | Place    | Note
-------+----------+-------------------------------------------
     0 | D:1      | Pimp the Deep Elf Conjurer began the quest for the Orb.
     0 | D:1      | Reached XP level 1. HP: 10/10 MP: 6/6
    43 | D:1      | Identified 2 scrolls of acquirement
    43 | D:1      | Acquired a +8 quick blade of protection
    45 | D:1      | Acquired the +2 pair of boots of Kikubaaqudgha's Scorn
                  | {Harm}
    83 | D:1      | Reached XP level 2. HP: 15/15 MP: 8/8
   412 | D:1      | Reached XP level 3. HP: 19/19 MP: 10/10
   703 | D:1      | Learned a level 2 spell: Searing Ray
   707 | D:1      | Learned a level 3 spell: Dazzling Flash
   735 | D:2      | Found a stormy altar of Qazlal.
   746 | D:2      | Noticed Terence
   756 | D:2      | Killed Terence
   950 | D:2      | Reached XP level 4. HP: 24/24 MP: 6/11
  1271 | D:2      | Reached skill level 1 in Short Blades
  1573 | D:2      | You fall into a shaft and drop 2 floors!
  1610 | D:4      | Found a radiant altar of Vehumet.
  1671 | D:4      | Found a blossoming altar of Fedhas.
  1746 | D:4      | Became a worshipper of Vehumet
  2024 | D:4      | Found a basalt altar of Yredelemnul.
  2063 | D:4      | Reached skill level 5 in Conjurations
  2138 | D:4      | Found a shadowy altar of Dithmenos.
  2176 | D:4      | Found a hazy altar of Hepliaklqana.
  2226 | D:4      | Learned a level 4 spell: Fulminant Prism
  2227 | D:5      | Entered Level 5 of the Dungeon
  2260 | D:5      | Reached skill level 1 in Fighting
  2301 | D:5      | Reached XP level 5. HP: 23/29 MP: 3/13
  2431 | D:5      | Found an ornate altar of the Wu Jian Council.
  2466 | D:5      | Found a hide-covered altar of Uskayaw.
  2501 | D:4      | Reached skill level 1 in Armour
  2691 | D:5      | Reached XP level 6. HP: 28/34 MP: 7/14
  2823 | D:5      | Identified the +2 scimitar of Qeapla {drain, Drain rF++
                  | Str+3 Stlth+}
  2914 | D:5      | Found a transporter.
  2936 | D:5      | Identified the +6 great mace "Zabrocita" {flame, rPois rF-
                  | Str+3}
  2936 | D:5      | Noticed DemonSlayer's ghost (amateur DsEE)
  2953 | D:5      | Found a transporter.
  3125 | D:5      | Found a staircase to the Ecumenical Temple.
  3618 | D:6      | Noticed Eustachio
  3725 | D:6      | Killed Eustachio
  3726 | D:6      | Reached skill level 5 in Spellcasting
  3726 | D:6      | Reached XP level 7. HP: 20/40 MP: 1/16
  3909 | D:6      | Reached skill level 5 in Dodging
  3909 | D:6      | Reached skill level 6 in Conjurations
  4267 | D:6      | Reached * piety under Vehumet
  4267 | D:6      | Offered knowledge of Foxfire by Vehumet.
  4331 | D:6      | Reached XP level 8. HP: 44/45 MP: 13/18
  4448 | D:6      | Noticed Edmund
  4475 | D:6      | HP: 2/45 [Edmund/+5 dire flail of protection (6)]
  4477 | D:6      | Mangled by Edmund

Illustrated notes

Levels and vault maps discovered:
D:1:      dpeg_arrival_long_road, layout_loops_cross, hex_tiny
D:2:      minmay_evil_eye, layout_basic, basic_altar, minmay_ruptured,
          uniq_terence
D:4:      layout_cave_pools, mainiacjoe_overflow_brackets,
          mainiacjoe_overflow_24_doors, mainiacjoe_overflow_catwalk, minitemple
D:5:      layout_basic, eat_drink_and_be_merry_uskayaw, kennysheep_little_box,
          minmay_temple_entry_glassed_door, gammafunk_ghost_smash, minivault_25
D:6:      old_forge, layout_loops_corners, uniq_edmund, uniq_eustachio

Skill      XL: |  1  2  3  4  5  6  7 |
---------------+----------------------+-----
Stealth        | 3 |  3.1
Dodging        | 3 4 5 |  5.3
Short Blades   | 1 2 3 |  3.3
Conjurations   | 5 6 |  6.2
Fighting       | 1 2 |  2.7
Spellcasting   | 4 5 |  5.8
Armour         | 1 2 |  2.6

Action                     |  1- 3 |  4- 6 |  7- 9 || total
---------------------------+-------+-------+-------++-------
  Melee: Quick blade       |    57 |    14 |    57 ||   128
         Punch             |     1 |     1 |       ||     2
   Cast: Magic Dart        |     7 |    92 |    31 ||   130
         Searing Ray       |     1 |     5 |     2 ||     8
         Fulminant Prism   |       |     1 |       ||     1
    Use: Scroll            |     2 |       |     9 ||    11
         Potion            |       |       |     3 ||     3
   Stab: Sleeping          |     4 |       |       ||     4
 Armour: Robe              |    24 |    11 |    17 ||    52
  Dodge: Dodged            |    32 |    32 |    33 ||    97
